 Dungeon Crawl Stone Soup version 0.13-a0-392-g85ae4b4 (console) character file.

249 boskie the Slasher (level 4, 0/38 HPs)
             Began as a Hill Orc Gladiator on Apr 18, 2013.
             Succumbed to an adder's poison
             ... on Level 2 of the Dungeon.
             The game lasted 00:06:34 (3195 turns).

boskie the Slasher (Hill Orc Gladiator)             Turns: 3195, Time: 00:06:34

HP   0/38        AC  4     Str 18      XL: 4   Next: 49%
MP   3/3         EV 11     Int  8      God:
Gold 163         SH  0     Dex 11      Spells:  0 memorised,  3 levels left

Res.Fire  : . . .   See Invis. : .   f - +0 long sword
Res.Cold  : . . .   Warding    : .   b - +0 orc leather armour
Life Prot.: . . .   Conserve   : .   (no shield)
Res.Poison: .       Res.Corr.  : .   c - +0 orc helmet
Res.Elec. : .       Clarity    : .   (no cloak)
Sust.Abil.: . .     Spirit.Shd : .   (no gloves)
Res.Mut.  : .       Stasis     : .   (no boots)
Res.Rott. : .       Ctrl.Telep.: .   (no amulet)
Saprovore : + . .   Flight     : .   (no ring)
                                     n - ring of wizardry

@: mildly poisoned, very slightly contaminated, hasted, very quick, slightly
resistant to hostile enchantments, very unstealthy
A: saprovore 1
a: no special abilities


You were on level 2 of the Dungeon.
You were hungry.

You visited 1 branch of the dungeon, and saw 3 of its levels.

You collected 143 gold pieces.

Inventory:

Hand weapons
 a - a +0,+0 orcish falchion
 f - a +0,+0 long sword (weapon)
Missiles
 d - 3 throwing nets (quivered)
Armour
 b - a +0 orcish leather armour (worn)
 c - a +0 orcish helmet (worn)
Comestibles
 i - a slice of pizza
Scrolls
 e - 2 scrolls of recharging {unknown}
 g - a scroll of fog {unknown}
 h - a scroll of random uselessness {unknown}
 k - a scroll of enchant weapon II {unknown}
 s - a scroll of fear
 t - a scroll of curse weapon {unknown}
Jewellery
 n - a ring of wizardry (left hand)


   Skills:
 - Level 2.4 Fighting
 + Level 5.6 Long Blades
 - Level 2.0 Throwing
 - Level 2.4 Dodging


You had 3 spell levels left.
You didn't know any spells.

Dungeon Overview and Level Annotations

Branches:
Dungeon (3/27)

Altars:

Annotations
D:2 Sigmund
D:3 SandmanXC's ghost, average MiMo


Innate Abilities, Weirdness & Mutations

You can tolerate rotten meat.


Message History

You feel sick.
* * * LOW HITPOINT WARNING * * *
You feel sick.
* * * LOW HITPOINT WARNING * * *
You feel sick.
* * * LOW HITPOINT WARNING * * *
You feel sick.
* * * LOW HITPOINT WARNING * * *
You feel sick.
* * * LOW HITPOINT WARNING * * *
You feel sick.
You aren't carrying any potions.
Unknown command.
There is a stone staircase leading up here.
You see here a potion of paralysis.
* * * LOW HITPOINT WARNING * * *
You feel sick.
You climb upwards.
Level annotation: Sigmund You die...

..#.#.# #.#..##.# #.............
..#.#.# #.#♣.♣#.# #...........##
♣.#.#.####.#..##.# #...........##
♣.#.#...>#.#♣.♣#'########'#......
♣.#.####'#.#.........####.##.#.##
♣.#.#......#♣.♣......'.......#.#.
#.#.#......#.........####.#..#.#.
#.#.#......#♣.♣%.....####.#..#.#.
................@................
###.#♣.♣...#♣.♣##.#######.#..#.#.
#.<..............@......#..#.#.
##.♣.♣....♣.♣##.#########..#.#.
####.#........###.# #..#.#.
.....♣.♣...##.# #.# #..#.##
####.....#.##.# #.#########..#.#
##♣.♣##.##.###............#.#
...........##................#.#


You could see Sigmund (fleeing).

Vanquished Creatures
  Ijyb (D:2)
  3 adders (D:2)
  An ooze (D:3)
  6 hobgoblins
  A jackal (D:1)
  3 kobolds (D:2)
  3 quokkas (D:2)
  6 bats
  2 giant cockroaches
  4 giant newts
  7 goblins
  7 rats
44 creatures vanquished.

Vanquished Creatures (others)
  A goblin (D:2)
1 creature vanquished.

Grand Total: 45 creatures vanquished

Notes
Turn   | Place    | Note
--------------------------------------------------------------
     0 | D:1      | boskie, the Hill Orc Gladiator, began the quest for the Orb.
     0 | D:1      | Reached XP level 1. HP: 18/18 MP: 0/0
   430 | D:1      | Reached XP level 2. HP: 25/25 MP: 1/1
   503 | D:1      | Reached skill level 4 in Long Blades
  1040 | D:2      | Reached XP level 3. HP: 6/30 MP: 2/2
  1522 | D:2      | Noticed Ijyb
  1538 | D:2      | Killed Ijyb
  1538 | D:2      | Reached skill level 5 in Long Blades
  1752 | D:2      | Noticed Sigmund
  2210 | D:3      | Noticed SandmanXC's ghost (average MiMo)
  2320 | D:1      | Reached XP level 4. HP: 8/38 MP: 3/3
  3192 | D:3      | HP: 1/38 [poisoned by an adder]
  3195 | D:2      | Succumbed to an adder's poison

Action                   |  1- 3 |  4- 6 || total
-------------------------+-------+-------++-------
Melee: Falchion          |    95 |       ||    95
       Long sword        |    25 |    48 ||    73
Throw: Throwing net      |     3 |       ||     3
  Use: Potion            |     5 |     1 ||     6
       Scroll            |     5 |       ||     5
 Stab: Sleeping          |     1 |       ||     1
